Match 28633352
Unlisted

Match 28633352
End
Panzergrenadier Squad
Panzergrenadier Squad
250 Light Carrier
Panzergrenadier Squad
Construct Light Support Kompanie
Fire Support Elements
Combat Half-tracks
Flakvierling Half-track
2.5-tonne Medical Truck
Panzerjäger Squad
Pak 38 Mechanized Group
MG34 Team
Construct Panzerarmee Kommand
Veteran Squad Leaders
Armored Reserves
Selects Armored Support Battlegroup
Selects Salvage Kits
Selects Panzer Storm
Tiger Heavy Tank
Selects Stuka Anti-tank Loiter
Selects Veteran Gunners
古斯塔夫
TIKO
fnvkdxod
百事可乐
crywo1f
qinfuyin
chenke5077
TidaL
0
0

Comments sign in to comment!

No comments posted yet!